 Dungeon Crawl Stone Soup version 0.30.0-15-g856e2d3f33 (webtiles) character file.

Game seed: 14130460029874991153

108 qw the Chopper (level 4, 0/28 HPs)
             Began as a Gargoyle Fighter on May 20, 2023.
             Slain by a goblin
             ... wielding a +0 club
             ... led by Robin
              (5 damage)
             ... on level 3 of the Dungeon.
             The game lasted 00:01:00 (1996 turns).

qw the Chopper (Gargoyle Fighter)                   Turns: 1996, Time: 00:01:01

Health: 0/28       AC: 17    Str: 28    XL:     4   Next: 87%
Magic:  4/4        EV:  7    Int:  8    God:
Gold:   98         SH:  4    Dex: 13    Spells: 3/3 levels left

rFire   . . .        Y - +0 war axe
rCold   . . .        c - +0 buckler
rNeg    + . .        h - +0 plate armour
rPois   inf          (no helmet)
rElec   +            k - +0 cloak
rCorr   .            (no gloves)
SInv    +            m - +0 pair of boots
Will    +....        (no amulet) Stlth
                     f - +6 ring of strength
HPRegen 0.24/turn    a - ring "Cust" {Will+ Dex+4 SInv}
MPRegen 0.09/turn

%: no passive effects
@: no status effects
A: sickness immunity, AC +3, negative energy resistance 1, electricity
resistance, torment resistance 1, petrification resistance
a: no special abilities


You were on level 3 of the Dungeon.
You visited 1 branch of the dungeon, and saw 3 of its levels.

You collected 98 gold pieces.


Innate Abilities, Weirdness & Mutations

You are immune to sickness and miasma.
Your stone body is resilient. (AC +3)
You are immune to poison.
You resist negative energy. (rN+)
You are resistant to electric shocks. (rElec)
You are resistant to unholy torment.
You are immune to petrification.


   Skills:
 - Level 3.2 Fighting
 + Level 4.2 Axes
 - Level 3.2 Armour
 - Level 1.0 Dodging
 - Level 3.2 Shields


You had 3 spell levels left.
You didn't know any spells.
Your spell library was empty.

Inventory:

Hand Weapons
 n - a +0 flail
 Y - a +0 war axe (weapon)
Armour
 c - a +0 buckler (worn)
 h - a +0 plate armour (worn)
 k - a +0 cloak (worn)
 m - a +0 pair of boots (worn)
Jewellery
 a - the ring "Cust" (right hand) {Will+ Dex+4 SInv}
   (You acquired it on level 1 of the Dungeon)

   [ring of see invisible]

   Dex:       It affects your dexterity (+4).
   SInv:      It lets you see invisible.
   Will:      It increases your willpower.
 f - a +6 ring of strength (left hand)
Potions
 b - 2 potions of heal wounds
 d - a potion of might
 g - a potion of curing
 i - a potion of flight {unknown}

Dungeon Overview and Level Annotations

Branches:
Dungeon (3/15)

Altars:

Annotations:
D:3 Robin


Message History

The hobgoblin hits you but does no damage.
The goblin unwields a +0 sling.
The goblin wields a +0 dagger.
The goblin hits you but does no damage. The hobgoblin barely misses you. x2
Robin of the Strong Arm comes into view.
They are wielding a +0 spear and carrying a wand of quicksilver (13).
Robin shouts!
You slash the goblin!
You kill the goblin!
You slash the hobgoblin!
You kill the hobgoblin!
You closely miss the hobgoblin. You closely miss the goblin.
The goblin unwields a +0 sling.
The goblin wields a +0 club.
The goblin completely misses you.
Robin roars a battlecry!
The goblins go into a battle-frenzy!
The hobgoblin closely misses you.
You closely miss the goblin. You closely miss the hobgoblin.
A bat comes into view.
The goblin closely misses you.
Robin zaps a wand.
The bolt of dispelling energy hits the bat!
The bat dies!
The bolt of dispelling energy hits you! The hobgoblin hits you.
The goblin hits you with a +0 club.
You hit the goblin.
The goblin is heavily wounded.
You closely miss the hobgoblin. The hobgoblin barely misses you.
The goblin hits you but does no damage. You block the hobgoblin's attack.
You block the goblin's attack.
A goblin comes into view. It is wielding a +0 dagger.
You barely miss the goblin.
The goblin is heavily wounded.
You closely miss the goblin. You closely miss the hobgoblin.
The goblin hits you with a +0 club. The goblin hits you but does no damage.
You block the hobgoblin's attack.
You barely miss the goblin.
The goblin is heavily wounded.
You barely miss the hobgoblin. You hit the goblin.
You kill the goblin!
The goblin hits you with a +0 club. The hobgoblin hits you.
The goblin hits you with a +0 club.
You die...

#...# #.......#...#
........#...#
........#...#
...)....#...#########
.%..))..#...........#
..?.g%..#...........#
......gg##..........#
..g..))@##..........#
......).............#
...?....#...........#
........#...........#
.###....#...........#
####.#..##########
..#..# #.#..# #.#..#


You could see Robin, a hobgoblin (strong) and 2 goblins.

Vanquished Creatures
  4 adders
  5 dart slugs
  4 orcs (D:3)
  2 endoplasms (D:1)
  3 giant cockroaches
  7 goblins
  7 hobgoblins
  3 jackals (D:1)
  2 quokkas
  2 ball pythons
  5 bats
  6 kobolds
  7 rats
57 creatures vanquished.

Vanquished Creatures (others)
  A bat (D:3)
1 creature vanquished.

Grand Total: 58 creatures vanquished

Notes
Turn   | Place    | Note
-------+----------+-------------------------------------------
     0 | D:1      | qw the Gargoyle Fighter began the quest for the Orb.
     0 | D:1      | Reached XP level 1. HP: 14/14 MP: 1/1
     0 | D:1      | 0 ||| qw: Version: 0.2-a-97-g6b18286
     0 | D:1      | 0 ||| qw: Game counter: 2
     0 | D:1      | 0 ||| qw: Always use a shield: true
     0 | D:1      | 0 ||| qw: God list: Okawaru
     0 | D:1      | 0 ||| qw: Allow faded altars: false
     0 | D:1      | 0 ||| qw: Do Orc after D:15 true
     0 | D:1      | 0 ||| qw: Do second Lair branch before Depths: true
     0 | D:1      | 0 ||| qw: Lair rune preference: random
     0 | D:1      | 0 ||| qw: Plans: Normal, Zot:1-4, God:TSO, Crypt, Tomb,
                  | Pan, Slime:5, Hells, Abyss, Win
     0 | D:1      | 0 ||| PLANNING D:1-11
    82 | D:1      | Reached skill level 2 in Axes
   193 | D:1      | Reached XP level 2. HP: 19/19 MP: 2/2
   248 | D:1      | 248 ||| Stepping ~*~*~tactically~*~*~ (stealth).
   264 | D:1      | Reached skill level 3 in Axes
   305 | D:1      | 305 ||| Stepping ~*~*~tactically~*~*~ (stealth).
   306 | D:1      | 306 ||| Stepping ~*~*~tactically~*~*~ (stealth).
   307 | D:1      | 307 ||| Stepping ~*~*~tactically~*~*~ (stealth).
   353 | D:1      | Reached XP level 3. HP: 19/23 MP: 3/3
   899 | D:1      | 899 ||| UPGRADING to +0 plate armour.
   909 | D:1      | 909 ||| DROPPING +0 scale mail.
   910 | D:1      | 910 ||| UPGRADING to +6 ring of strength.
   911 | D:1      | 911 ||| READING scroll labelled GUHEECW NAFO.
   911 | D:1      | Identified a scroll of acquirement
   911 | D:1      | 911 ||| ACQUIRING ring "Cust" {Will+ Dex+4 SInv}
   911 | D:1      | Acquired the ring "Cust" {Will+ Dex+4 SInv}
   913 | D:1      | 913 ||| UPGRADING to ring "Cust" {Will+ Dex+4 SInv}.
   914 | D:1      | 914 ||| DRINKING 2 brown potions.
  1235 | D:2      | Reached XP level 4. HP: 28/28 MP: 4/4
  1413 | D:2      | Reached skill level 4 in Axes
  1753 | D:2      | 1753 ||| DROPPING +0 club.
  1754 | D:2      | 1754 ||| UPGRADING to +0 cloak.
  1759 | D:2      | 1759 ||| UPGRADING to +0 pair of boots.
  1764 | D:2      | 1764 ||| READING scroll labelled REMPUONWUCHE.
  1765 | D:2      | 1765 ||| READING scroll labelled NUATZIAFAU.
  1766 | D:2      | 1766 ||| DRINKING 3 sedimented green potions.
  1936 | D:3      | Reached skill level 1 in Dodging
  1991 | D:3      | Noticed Robin
  1996 | D:3      | HP: 7/28 [goblin/+0 club[Robin] (3)]
  1996 | D:3      | Slain by a goblin

Levels and vault maps discovered:
D:1:      dpeg_arrival_pits, layout_rooms, serial_bayou, serial_bayou_ford_a,
          serial_bayou_lake_a, serial_bayou_pond_c, serial_bayou_lagoon_a
D:2:      minmay_wonky_spiral, layout_loops_corners
D:3:      layout_basic, ebering_ecumenical_altar_abandoned, uniq_robin

Skill      XL: |  1  2  3  4 |
---------------+-------------+-----
Axes           | 2 3 4 |  4.2
Dodging        | 1 |  1.0
Fighting       | |  3.2
Armour         | |  3.2
Shields        | |  3.2

Action                     |  1- 3 |  4- 6 || total
---------------------------+-------+-------++-------
  Melee: War axe           |   108 |    64 ||   172
  Throw: Boomerang         |       |    11 ||    11
    Use: Scroll            |     1 |     2 ||     3
         Potion            |     1 |     1 ||     2
 Armour: Scale mail        |    41 |       ||    41
         Plate armour      |    10 |    42 ||    52
  Dodge: Dodged            |    44 |    21 ||    65
  Block: Buckler           |    22 |    19 ||    41

Table legend:
 A = Non-vault XP
 B = Vault XP
 C = Vault XP percentage of total XP
 D = Non-vault monster count
 E = Vault monster count
 F = Vault count percentage of total count
                 A         B        C        D         E       F
            +---------+---------+-------+---------+---------+-------
      Total |     142 |      15 |   9.6 |      49 |       8 |  14.0
            +---------+---------+-------+---------+---------+-------
        D:1 |      50 |       0 |   0.0 |      23 |       0 |   0.0
        D:2 |      57 |       2 |   3.4 |      15 |       1 |   6.2
        D:3 |      35 |      13 |  27.1 |      11 |       7 |  38.9
            +---------+---------+-------+---------+---------+-------
